Cogmind - Beta 13 @@@ ROGUE MODE // 2024.05.10 @ 17:01:57 Player: GayPredator Result: Destroyed by H-88 Terminator with KE Penetrator Performance ------------- Evolutions (8) 4000 Regions Visited (24) 4800 Robots Destroyed (201) 1005 Value Destroyed (12917) 12917 Prototype IDs (16) 320 Alien Tech Used (0) 0 Bonus (10689) 10689 TOTAL SCORE: 33731 Bonus ------- High Alert Combat Kills 1423 Follower Combat Kills 3889 Entered Garrisons 1200 Used RIF Installer 3000 Entered DSFs 500 Aligned with FarCom 300 Built Enhanced Grunts 300 A7 Reached Mainframe 300 Met R17 at Cetus 500 Friendly Fire -723 Cogmind --------- Core Integrity 0/1450 Matter 250/300 Energy 350/350 System Corruption 17% Temperature Cool (-200) Movement Treading (225) Ox1 Location -2/Research Parts ------- > --- POWER (2) -------- Quantum Reactor > --- PROPULSION (5) --- Biometal Medium Treads Biometal Medium Treads Biometal Medium Treads > --- UTILITY (11) ----- Advanced Cryofiber Web Advanced Cooling System Huge Storage Unit Graphene Brace Hacking Suite System Shield Relay Coupler [Grunt] (24) Relay Coupler [Sentry] (18) > --- WEAPON (5) ------- Power Maul > --- INVENTORY (25) --- Neutrino Core Medium Storage Unit Structural Scanner Improved Trap Scanner Advanced Particle Charger Experimental Thermal Shield Relay Coupler [Cutter] (31) Relay Coupler [Grunt] (43) Recalibrator Stealth Drone Bay (2/2) Stealth Drone Bay (2/2) Gamma Rifle Gamma Rifle Guided Plasma Cannon Linear Accelerator Improved Datajack Improved Remote Datajack Advanced Remote Datajack Peak State ------------ > --- POWER ------------ Micro Antimatter Reactor Quantum Reactor > --- PROPULSION ------- Improved Antigrav System Improved Antigrav System Improved Antigrav System Improved Antigrav System Experimental Gyrokinetic Inverter > --- UTILITY ---------- Advanced Cryofiber Web Advanced Cooling System Huge Storage Unit Advanced Targeting Computer Centrium Medium Armor Plating Hacking Suite System Shield Relay Coupler [Grunt] Relay Coupler [Sentry] Stealth Drone Bay > --- WEAPON ----------- Gamma Rifle Advanced Plasma Rifle Enhanced Nova Cannon Enhanced Nova Cannon Linear Accelerator > --- INVENTORY -------- Neutrino Core Biometal Medium Treads Biometal Medium Treads Biometal Medium Treads Medium Storage Unit Structural Scanner Improved Trap Scanner Advanced Particle Charger Layered Medium Armor Plating Layered Medium Armor Plating Graphene Brace Experimental Thermal Shield Relay Coupler [Cutter] Relay Coupler [Grunt] Recalibrator Stealth Drone Bay Gamma Rifle Gamma Rifle Guided Plasma Cannon Improved Datajack Improved Remote Datajack Advanced Remote Datajack Power Maul [Rating: 166] Favorites ----------- Power Antimatter Reactor Engine Deuterium Engine Power Core Neutrino Core Reactor Antimatter Reactor Propulsion Armored Huge Wheel Treads Light Treads Leg Improved Aluminum Leg Wheel Armored Huge Wheel Hover Unit Improved Antigrav System Utility Huge Storage Unit Device Improved Trap Scanner Storage Huge Storage Unit Processor Advanced Visual Processing Unit Hackware Relay Coupler [Grunt] Protection Improved Medium Armor Plating Weapon Coil Gun Energy Gun Gatling Laser Energy Cannon Ion Cannon Ballistic Gun Coil Gun Ballistic Cannon Linear Accelerator Launcher Grenade Launcher Special Weapon Improved Remote Datajack Impact Weapon Power Maul Slashing Weapon Segregator Special Melee Weapon Improved Datajack Build | -11 -10 -10 -10 -9 -8 -8 -8 -8 -7 -7 -7 -7 -6 -6 -6 -6 -5 -5 -4 -4 -4 -3 -3 -2 ------- Run | Yrd Mat Min Exi Min Mat Gar Mat Gar Fac Was Fac DSF Fac Gar Fac Gar Fac Gar Fac Ext Cet Res Gar Res Slots Evolved 16 | . . . . . 4 . . . 2 . . . 2 . . . 2 . 2 . . 2 . 2 Power 1 | . . . . . . . . . . . . . . . . . . . 1 . . . . . Propulsion 3 | . . . . . 1 . . . . . . . 1 . . . . . . . . . . 1 Utility 9 | . . . . . 2 . . . 2 . . . 1 . . . 1 . 1 . . 2 . . Weapon 3 | . . . . . 1 . . . . . . . . . . . 1 . . . . . . 1 Parts Attached 420 | 9 6 . 1 2 10 11 14 23 8 2 1 1 26 24 20 44 30 30 21 29 13 6 40 49 Power 18 | 1 . . . . 1 . . 2 . 1 . . . 1 . 1 1 . 1 3 1 . . 5 Engine 3 | 1 . . . . 1 . . . . . . . . 1 . . . . . . . . . . Core 6 | . . . . . . . . 2 . . . . . . . . 1 . 1 2 . . . . Reactor 9 | . . . . . . . . . . 1 . . . . . 1 . . . 1 1 . . 5 Propulsion 57 | 4 2 . . . 1 . 3 5 2 . 1 1 4 . 1 1 7 . 1 6 . . 9 9 Treads 26 | 2 . . . . . . . 5 2 . 1 1 1 . . . 4 . . 2 . . 4 4 Leg 13 | 2 2 . . . 1 . 3 . . . . . . . . . . . . . . . 5 . Wheel 13 | . . . . . . . . . . . . . 3 . 1 1 3 . 1 4 . . . . Hover 5 | . . . . . . . . . . . . . . . . . . . . . . . . 5 Flight . | . . . . . . . . . . . . . . . . . . . . . . . . . Utility 151 | 2 1 . . . 3 7 4 6 3 1 . . 7 7 11 23 12 14 10 7 3 . 12 18 Device 73 | 1 . . . . 2 5 1 1 1 1 . . 4 2 4 14 5 6 8 2 1 . 6 9 Storage 4 | 1 1 . . . . . . . . . . . 1 . . . . . . . . . . 1 Processor 5 | . . . . . 1 . . . . . . . . . . 1 . . . . . . 1 2 Hackware 33 | . . . . . . . 1 2 1 . . . . 3 4 5 2 6 2 2 . . 2 3 Protection 36 | . . . . . . 2 2 3 1 . . . 2 2 3 3 5 2 . 3 2 . 3 3 Artifact . | . . . . . . . . . . . . . . . . . . . . . . . . . Weapon 194 | 2 3 . 1 2 5 4 7 10 3 . . . 15 16 8 19 10 16 9 13 9 6 19 17 Energy Gun 19 | . . . . . 2 . . . . . . . 3 1 4 4 . . . . . 1 . 4 Energy Cannon 42 | . . . 1 . 1 1 3 4 1 . . . 4 4 1 6 1 5 1 1 1 . 5 2 Ballistic Gun 32 | 2 1 . . 1 . 2 2 . . . . . . 2 . 2 5 4 . 4 5 . 2 . Ballistic Cannon 24 | . . . . . . . . . 1 . . . . . . . . 2 3 3 2 5 6 2 Launcher 15 | . 2 . . 1 1 1 . 3 1 . . . 2 2 . 2 . . . . . . . . Special Weapon 27 | . . . . . . . . . . . . . . 2 1 4 3 2 3 2 1 . 3 6 Impact Weapon 3 | . . . . . . . . . . . . . . . . . . . . . . . 2 1 Slashing Weapon 2 | . . . . . . . . . . . . . . 2 . . . . . . . . . . Piercing Weapon . | . . . . . . . . . . . . . . . . . . . . . . . . . Special Melee Weapon 30 | . . . . . 1 . 2 3 . . . . 6 3 2 1 1 3 2 3 . . 1 2 Unidentified Prototypes 11 | . . . 1 . . . . . 1 . . . . . . . . . . . 2 1 3 3 Corrupted Parts 4 | . . . . . . . . . . . . . . . . . . . . 1 . . 3 . System Corruption 33 | . . . . . . . . . . . . . . . . . . . . 10 . . 23 . Parts Lost 60 | . . . . . . 1 . 2 . . . . 1 7 1 6 2 1 1 6 . . 7 25 Power 7 | . . . . . . . . 2 . . . . . 1 . . 1 . . 1 . . . 2 Propulsion 13 | . . . . . . . . . . . . . . . . 2 . . . 3 . . 2 6 Utility 23 | . . . . . . . . . . . . . 1 3 1 3 1 1 1 2 . . 2 8 Weapon 17 | . . . . . . 1 . . . . . . . 3 . 1 . . . . . . 3 9 Highest Loss Streak 13 | . . . . . . 1 . 1 . . . . 1 4 1 4 1 1 1 2 . . 2 13 To Critical Strikes 1 | . . . . . . . . . . . . . . . . . . . . . . . . 1 Average Slot Usage (%) 90 | . 100 100 71 100 98 89 89 98 98 100 100 100 87 81 84 84 86 89 93 93 94 84 95 90 Engine 3 | . 14 14 14 14 9 9 9 1 . . . . . . 6 . . . . . . . . . Core 1 | . . . . . . . . 6 7 5 . . . . . . . 5 9 9 4 . . . Reactor 3 | . . . . . . . . . . 1 7 7 6 5 . 5 4 . . . 5 9 9 7 Treads 3 | . . . . . . . . 16 23 23 23 23 8 . . . 5 . . 2 . . 2 . Leg 8 | . 28 28 28 28 26 27 27 10 . . . . . . . . . . . . . . 7 10 Wheel 6 | . . . . . . . . . . . . . 8 13 13 12 5 17 14 12 15 14 5 . Device 11 | . 14 14 14 14 19 8 5 8 7 7 7 7 10 9 8 15 16 13 17 13 10 9 13 8 Storage 6 | . 14 14 14 14 9 9 9 9 7 7 7 7 6 6 6 6 5 5 5 5 5 4 4 4 Processor 1 | . . . . . 6 . . . . . . . . . . 2 2 . . . . . 3 5 Hackware 12 | . . . . . . . 3 12 14 15 15 15 13 10 21 16 12 10 19 23 26 23 19 21 Protection 7 | . . . . . . 9 8 5 15 15 15 15 13 14 7 3 5 11 3 3 5 4 8 4 Energy Gun 2 | . . . . . 16 7 . . . . . . . . 11 8 . . . . . . . 3 Energy Cannon 6 | . . . . . 6 8 6 22 20 23 23 23 15 14 1 2 . 6 5 4 . . 1 5 Ballistic Gun 5 | . 21 14 . 14 . 7 15 . . . . . . . 5 5 16 8 . 2 15 3 1 . Ballistic Cannon 2 | . . . . . . . . . . . . . . . . . . 3 11 9 2 15 13 4 Launcher 1 | . 6 14 . 14 2 3 . 1 . . . . . . . . . . . . . . . . Special Weapon 1 | . . . . . . . . . . . . . . 1 . 2 3 1 2 1 1 . . 1 Naked Turns . | . . . . . . . . . . . . . . . . . . . . . . . . . Heaviest Build 189 | 15 21 21 16 21 37 53 51 47 45 57 57 57 137 138 122 132 133 145 155 161 161 174 189 178 Greatest Support 109 | 40 26 26 26 26 39 39 44 60 60 60 68 68 88 56 56 56 100 48 48 54 54 54 109 109 Greatest Overweight (x) 11 | 1 . . . . . 1 1 1 . . . 1 2 2 2 3 5 3 3 5 2 3 11 4 Average Overweight (x) 1 | . . . . . . 1 . . . . . . 1 1 1 1 3 2 2 2 2 2 2 1 Largest Inventory Capacity 25 | 8 10 10 10 10 10 10 10 10 10 10 10 10 25 25 25 25 25 25 25 25 25 25 25 25 Average Capacity 19 | 7 9 10 10 10 10 10 10 10 10 10 10 10 19 25 25 25 25 25 25 25 25 25 25 25 Most Carried 25 | 4 9 10 10 9 10 10 10 10 10 10 10 10 19 25 25 25 25 25 25 25 25 25 25 25 Average Carried 17 | 2 7 9 9 8 9 9 9 9 9 10 9 9 13 20 24 23 22 21 23 23 24 25 23 21 Final Capacity 25 | 8 10 10 10 10 10 10 10 10 10 10 10 10 25 25 25 25 25 25 25 25 25 25 25 25 Final Carried 25 | 3 9 10 10 8 10 9 10 9 10 10 10 10 18 24 24 23 23 23 24 25 25 25 23 20 Class Distribution -------------------- 28% | Bothacker-Skirmisher 15% | Skirmisher 15% | Bothacker-Tank 12% | Mutant 9% | Scavenger-Tank 4% | Scavenger-Mutant 3% | Scavenger-Skirmisher Dominant Class ---------------- Mutant | -10/Materials Mutant | -10/Mines Mutant | -10/Exiles Skirmisher | -9/Mines Skirmisher | -8/Materials Skirmisher | -8/Garrison Mutant | -8/Materials Scavenger-Mutant | -8/Garrison Scavenger-Tank | -7/Factory Scavenger-Tank | -7/Waste Scavenger-Tank | -7/Factory Scavenger-Tank | -7/DSF Scavenger-Tank | -6/Factory Bothacker-Tank | -6/Garrison Bothacker-Skirmisher | -6/Factory Bothacker-Skirmisher | -6/Garrison Bothacker-Skirmisher | -5/Factory Bothacker-Tank | -5/Garrison Bothacker-Skirmisher | -4/Factory Bothacker-Skirmisher | -4/Extension Bothacker-Tank | -4/Cetus Commander-Tank | -3/Research Bothacker-Skirmisher | -3/Garrison Bothacker-Gunner | -2/Research Resources | -11 -10 -10 -10 -9 -8 -8 -8 -8 -7 -7 -7 -7 -6 -6 -6 -6 -5 -5 -4 -4 -4 -3 -3 -2 ----------- Run | Yrd Mat Min Exi Min Mat Gar Mat Gar Fac Was Fac DSF Fac Gar Fac Gar Fac Gar Fac Ext Cet Res Gar Res Matter Collected 8118 | 288 287 3 . 70 83 199 220 315 62 28 . 31 223 407 185 722 576 614 183 929 389 . 1405 899 Remotely . | . . . . . . . . . . . . . . . . . . . . . . . . . Salvage Created 8612 | 98 386 . . 25 244 629 243 436 62 . . . 546 745 239 1039 414 726 328 422 283 . 499 1248 Parts 446 | 8 28 . . . 10 31 14 28 6 . . . 37 32 8 51 28 29 21 20 16 . 6 73 Haulers Intercepted 2 | . 1 . . . . . 1 . . . . . . . . . . . . . . . . . Recyclers Shooed 3 | . 1 . . . . . . . . . . . . . . . 1 . . 1 . . . . Parts Field Recycled . | . . . . . . . . . . . . . . . . . . . . . . . . . Retrieved Matter . | . . . . . . . . . . . . . . . . . . . . . . . . . Parts Self-Destructed . | . . . . . . . . . . . . . . . . . . . . . . . . . Prevented . | . . . . . . . . . . . . . . . . . . . . . . . . . Kills | -11 -10 -10 -10 -9 -8 -8 -8 -8 -7 -7 -7 -7 -6 -6 -6 -6 -5 -5 -4 -4 -4 -3 -3 -2 ------- Run | Yrd Mat Min Exi Min Mat Gar Mat Gar Fac Was Fac DSF Fac Gar Fac Gar Fac Gar Fac Ext Cet Res Gar Res Combat Hostiles Destroyed 163 | . 9 . . 1 3 17 2 10 1 . . . 9 17 4 22 6 11 6 9 4 . 15 17 Melee 3 | . . . . . . . . . . . . . . . . . . . . . . . 1 2 Guns 44 | . 3 . . . 1 4 1 . . . . . 1 1 2 9 6 6 . 3 4 . 2 1 Cannons 88 | . . . . . 2 11 1 6 1 . . . 4 13 1 7 . 5 5 6 . . 12 14 AOE 22 | . 6 . . 1 . 2 . 3 . . . . 2 3 . 5 . . . . . . . . Classes Destroyed 16 | 2 7 . . . . 2 1 . . . . . 2 . . 1 . . . 1 . . . . Worker 6 | . 1 . . . . . . . . . . . 2 . . . . . 1 1 . . . 1 Builder 7 | . 1 . . . . . . . . . . . 1 . . . 1 . 1 1 . . . 2 Tunneler 1 | 1 . . . . . . . . . . . . . . . . . . . . . . . . Hauler 2 | . 1 . . . . . 1 . . . . . . . . . . . . . . . . . Recycler 4 | 1 1 . . . . . . . . . . . . . . . . . . . . . . 2 Operator 2 | . 1 . . . . . . . . . . . 1 . . . . . . . . . . . Watcher 12 | . 1 . . . . . 3 1 . . . . 2 . 1 1 1 . . 1 . . . 1 Swarmer 37 | . 3 . . . . 6 . 2 . . . . 3 6 . 7 . . . 3 . . 5 2 Grunt 64 | . 6 . . 1 5 6 . 3 . . . . 1 7 2 12 1 9 . 2 3 . 5 1 Brawler 2 | . . . . . . . . . . . . . 1 . . . . . . . . . 1 . Duelist 2 | . . . . . . . 1 1 . . . . . . . . . . . . . . . . Sentry 24 | . . . . . . 4 1 3 1 . . . 1 4 1 1 2 1 . 2 . . 3 . Specialist 2 | . . . . . . . . . . . . . . . . 2 . . . . . . . . Hunter 11 | . . . . . . 1 . 1 . . . . 2 . . 1 . 1 3 . . . . 2 Programmer 22 | . . . . . . . . . . . . . 1 . 1 1 3 . 3 1 . . . 12 Behemoth 2 | . . . . . . . . . . . . . . . . . . . . 1 . . 1 . Cetus Guard 1 | . . . . . . . . . . . . . . . . . . . . . 1 . . . Best Kill Streak 6 | 1 5 . . 1 2 3 2 3 1 . . . 4 5 2 3 5 4 4 5 3 . 3 6 Combat Bots Only 5 | . 3 . . 1 2 3 2 3 1 . . . 3 5 2 3 4 4 4 4 3 . 3 3 Max Kills in Single Turn 3 | 1 2 . . 1 2 2 1 2 1 . . . 2 2 1 3 1 3 1 2 1 . 1 2 Gunslinging . | . . . . . . . . . . . . . . . . . . . . . . . . . Exploded 3 | . 1 . . 1 . 2 . 2 . . . . 2 2 . 3 . . . . . . . . Melee 1 | . . . . . . . . . . . . . . . . . . . . . . . 1 1 Uniques/NPCs Destroyed . | . . . . . . . . . . . . . . . . . . . . . . . . . Combat | -11 -10 -10 -10 -9 -8 -8 -8 -8 -7 -7 -7 -7 -6 -6 -6 -6 -5 -5 -4 -4 -4 -3 -3 -2 -------- Run | Yrd Mat Min Exi Min Mat Gar Mat Gar Fac Was Fac DSF Fac Gar Fac Gar Fac Gar Fac Ext Cet Res Gar Res Hostile Shots Fired 1317 | . 11 . . 3 1 18 14 51 9 . . . 110 111 43 256 50 36 42 62 22 . 173 305 Missed 426 | . 5 . . 1 . 6 3 16 7 . . . 37 27 13 116 13 9 24 20 9 . 43 77 Damage Taken 16684 | . 149 76 . 34 93 174 198 434 32 . . 49 919 1035 345 1676 684 507 353 1075 314 . 2924 5613 Core 2477 | . 106 40 . . . 31 . 69 . . . . 83 90 39 182 19 56 94 63 35 . 104 1466 Absorbed by Shields 82 | . . . . . . . . . . . . . . . . . . . . 12 70 . . . Redirected to Shielding 181 | . . . . . . . . 39 7 . . 32 52 51 . . . . . . . . . . Ignored by Resistances 294 | . . . . . . . . . . . . . 8 . 8 4 92 . 51 . . . . 131 Regen/Repaired (Parts) 390 | . . . . . . . 201 . . . . 28 . . . . . . 161 . . . . . Core Remaining (%) 80 | 100 . . . 41 . . . 81 . . . 100 . . . 53 . 92 . . 83 . 92 . Volleys Fired 666 | 2 30 . . 3 13 43 28 43 2 . . . 33 57 15 90 37 43 27 45 15 . 62 78 Largest 4 | 2 2 . . 1 2 2 2 3 3 . . . 3 3 3 3 4 4 4 4 4 . 4 4 Hottest 403 | 40 40 . . 30 120 120 120 180 185 . . . 235 215 240 240 150 180 261 261 206 . 264 403 Shots Fired 1248 | 4 51 . . 4 16 52 38 71 4 . . . 88 100 41 114 90 77 43 97 45 . 143 170 Gun 409 | 4 42 . . 2 6 19 20 . . . . . 9 11 35 54 70 37 . 13 31 . 13 43 Cannon 705 | . . . . . 8 30 18 61 3 . . . 77 73 5 35 4 37 34 76 13 . 117 114 Launcher 40 | . 9 . . 2 2 3 . 10 1 . . . 2 4 . 7 . . . . . . . . Special 94 | . . . . . . . . . . . . . . 12 1 18 16 3 9 8 1 . 13 13 Kinetic 501 | 4 42 . . 2 . 13 20 . . . . . . 9 12 10 70 40 16 62 41 . 117 43 Thermal 592 | . . . . . 8 30 18 61 3 . . . 86 75 28 79 4 34 18 27 3 . 13 105 Explosive 40 | . 9 . . 2 2 3 . 10 1 . . . 2 4 . 7 . . . . . . . . Electromagnetic 21 | . . . . . 6 6 . . . . . . . . . . . . . . . . . 9 Robot Hit Streak 12 | 3 8 . . 2 9 10 5 10 10 . . . 11 9 6 11 8 6 6 5 6 . 12 10 Robot Miss Streak 9 | . 4 . . . 3 2 3 1 . . . . 7 4 4 5 4 4 2 8 6 . 9 4 Penetration Max 2 | . . . . . . . . . . . . . . . . . 1 . . . 2 . . . Secondary Targets 7 | . . . . . . . . . . . . . . . . 2 2 . . 1 2 . . . Max Gunslinging Chain 1 | . . . . . . . . . . . . . . . . 1 1 . . 1 1 . . . Shots Hit Robots 683 | 3 23 . . 1 5 12 26 35 3 . . . 55 50 36 56 60 30 17 61 26 . 75 109 Core Hits 417 | 3 24 . . 1 9 20 7 19 2 . . . 29 36 27 59 21 27 10 39 14 . 34 36 Critical Kills 10 | . . . . . . . 1 . . . . . 2 . . . 1 1 . . 2 . 1 2 Critical Parts Destroyed 2 | . . . . . . . . . . . . . . . . . 1 . . . 1 . . . Critical Strikes 22 | . . . . . . . 1 . . . . . 2 . . . 2 1 . 2 4 . 6 4 Meltdown 3 | . . . . . . . . . . . . . 2 . . . . . . . . . . 1 Destroy 7 | . . . . . . . 1 . . . . . . . . . 2 1 . . 3 . . . Blast 10 | . . . . . . . . . . . . . . . . . . . . 2 1 . 5 2 Smash 2 | . . . . . . . . . . . . . . . . . . . . . . . 1 1 Melee Attacks 74 | . . . . . . . 14 3 . . . . 13 6 3 1 . 1 . 13 . . 4 16 Thermal 4 | . . . . . . . . . . . . . . 4 . . . . . . . . . . Impact 18 | . . . . . . . . . . . . . . . . . . . . . . . 4 14 Slashing . | . . . . . . . . . . . . . . . . . . . . . . . . . Piercing . | . . . . . . . . . . . . . . . . . . . . . . . . . Sneak Attacks 37 | . . . . . . . 13 . . . . . 8 . 1 . . . . 13 . . . 2 Combat Hostiles . | . . . . . . . . . . . . . . . . . . . . . . . . . Follow-up Attacks . | . . . . . . . . . . . . . . . . . . . . . . . . . Damage Inflicted 24104 | 35 948 . . 115 495 1110 510 1115 98 . 23 . 1646 1238 611 2648 1205 1281 958 2009 910 . 2981 4168 Guns 5862 | 35 325 . . 10 83 138 187 . . . . . 123 160 519 988 1120 393 . 291 583 . 189 718 Cannons 15277 | . . . . . 252 872 323 771 72 . . . 1288 872 92 1041 85 888 888 1718 327 . 2706 3082 Explosions 2584 | . 623 . . 105 160 100 . 344 26 . . . 235 206 . 619 . . 70 . . . . 96 Melee 344 | . . . . . . . . . . . . . . . . . . . . . . . 72 272 Ramming 37 | . . . . . . . . . . . 23 . . . . . . . . . . . 14 . Kinetic 8298 | 35 325 . . 10 . 89 187 . . . . . . 116 140 37 1120 393 291 1346 805 . 2521 883 Thermal 13254 | . 213 . . . 412 872 323 771 98 . . . 1530 916 471 1992 85 888 597 663 105 . 374 2944 Explosive 1948 | . 410 . . 105 . 100 . 344 . . . . 94 206 . 619 . . 70 . . . . . Electromagnetic 223 | . . . . . 83 49 . . . . . . 22 . . . . . . . . . . 69 Impact 344 | . . . . . . . . . . . . . . . . . . . . . . . 72 272 Slashing . | . . . . . . . . . . . . . . . . . . . . . . . . . Piercing . | . . . . . . . . . . . . . . . . . . . . . . . . . Highest Corruption 23 | . . 1 1 1 . . . 1 . . . . . . 1 1 2 5 . 13 13 . 23 17 Average Corruption 7 | . . 1 1 1 . . . 1 . . . . . . 1 1 1 4 . 12 13 . 20 10 Corruption Purged 5 | . . . . . . . . . . . . . . . . 1 3 1 . . . . . . Corruption Blocked . | . . . . . . . . . . . . . . . . . . . . . . . . . Effects 159 | . . 3 1 4 . . . 4 . . . . . . 4 1 1 19 . 24 14 . 38 46 Message Errors 40 | . . 1 . . . . . 1 . . . . . . 2 1 1 4 . 7 5 . 11 7 Matter Fused 34 | . . . 1 1 . . . . . . . . . . 1 . . 7 . 4 1 . 10 9 Heat Flow Errors 23 | . . 1 . . . . . 1 . . . . . . . . . 4 . 2 1 . 6 8 Energy Discharges 15 | . . . . . . . . 1 . . . . . . . . . 1 . 3 2 . 1 7 Parts Rejected 2 | . . . . . . . . . . . . . . . . . . . . 1 . . 1 . Parts Fused 1 | . . . . . . . . . . . . . . . . . . . . . 1 . . . Data Loss (minor) 18 | . . 1 . 2 . . . 1 . . . . . . 1 . . 1 . 1 1 . 4 6 Data Loss (major) 3 | . . . . . . . . . . . . . . . . . . 1 . . . . 2 . Misfires 8 | . . . . 1 . . . . . . . . . . . . . 1 . 2 1 . . 3 Alerts 2 | . . . . . . . . . . . . . . . . . . . . . . . . 2 Misdirections 2 | . . . . . . . . . . . . . . . . . . . . 1 . . 1 . Weapon Failures 11 | . . . . . . . . . . . . . . . . . . . . 3 2 . 2 4 Overload Shots . | . . . . . . . . . . . . . . . . . . . . . . . . . Overflow Damage 349 | . 53 . . . . 13 5 . . . . . 3 . . 45 . 12 15 2 . . 20 181 Projectiles 239 | . . . . . . 13 5 . . . . . 3 . . 45 . 12 15 2 . . 20 124 Explosions 53 | . 53 . . . . . . . . . . . . . . . . . . . . . . . Melee 57 | . . . . . . . . . . . . . . . . . . . . . . . . 57 Knockbacks 32 | . . . . . . . . . . . . . . . . . . . 6 3 . . 9 14 Impact 1 | . . . . . . . . . . . . . . . . . . . . . . . . 1 Kinetic 27 | . . . . . . . . . . . . . . . . . . . 6 3 . . 7 11 Secondary 4 | . . . . . . . . . . . . . . . . . . . . . . . 2 2 Self-Inflicted Damage 213 | . 90 . . . 53 8 . 17 . . . . . . . . . . 45 . . . . . Shots 7 | . 2 . . . 1 1 . 2 . . . . . . . . . . 1 . . . . . Rammed 2 | . . . . . . . . . . . 2 . . . . . . . . . . . . . Targets Rammed 3 | . . . . . . . . . . . 2 . . . . . . . . . . . 1 . Kicked 1 | . . . . . . . . . . . . . . . . . . . . . . . 1 . Crushed . | . . . . . . . . . . . . . . . . . . . . . . . . . Highest Temperature 660 | . . 153 . 5 144 451 216 233 66 . . . 192 382 134 384 27 263 198 324 257 . 411 660 Average Temperature 114 | . . 79 . 4 46 133 68 62 40 . . . 60 127 61 124 13 103 129 104 87 . 101 203 Received Heat Transfer 2384 | . 18 . . 21 24 9 36 144 6 . . . 129 309 90 591 144 180 30 106 22 . 462 63 Effects 33 | . . . . . . 1 . . . . . . . 1 . 9 . . . 1 . . 7 14 Shutdowns 5 | . . . . . . 1 . . . . . . . . . 1 . . . 1 . . 1 1 Energy Bleed 6 | . . . . . . . . . . . . . . . . 3 . . . . . . 1 2 Interference 10 | . . . . . . . . . . . . . . . . 4 . . . . . . 3 3 Matter Decay 1 | . . . . . . . . . . . . . . . . . . . . . . . 1 . Short Circuit 2 | . . . . . . . . . . . . . . . . . . . . . . . . 2 Damage (minor) 3 | . . . . . . . . . . . . . . 1 . 1 . . . . . . 1 . Damage (major) 2 | . . . . . . . . . . . . . . . . . . . . . . . . 2 Damage (core) 4 | . . . . . . . . . . . . . . . . . . . . . . . . 4 Siege Activations . | . . . . . . . . . . . . . . . . . . . . . . . . . Robots Corrupted . | . . . . . . . . . . . . . . . . . . . . . . . . . Combat Hostiles . | . . . . . . . . . . . . . . . . . . . . . . . . . Parts Fried 1 | . . . . . . . . . . . . . . . . . . . . . . . . 1 Impact Corruptions 3 | . . . . . . . . . . . . . . . . . . . . . . . . 3 Robots Melted 7 | . . . . . . . . 1 . . . . 2 . 1 1 . . 1 . . . . 1 Combat Hostiles 6 | . . . . . . . . 1 . . . . 2 . 1 1 . . 1 . . . . . Parts Melted 34 | . . . . . 1 3 1 2 . . . . 6 . 1 8 . . 4 1 . . 2 5 Heat Transferred 20089 | . 100 . . . 660 1718 720 1264 161 . . . 2287 1412 973 3955 55 1656 1108 1022 240 . 800 1958 Parts Sabotaged . | . . . . . . . . . . . . . . . . . . . . . . . . . Parts Stolen . | . . . . . . . . . . . . . . . . . . . . . . . . . Parts Stripped . | . . . . . . . . . . . . . . . . . . . . . . . . . Power Chain Reactions 2 | . . . . . 1 . . . . . . . . . . . . . . . . . . 1 Alert | -11 -10 -10 -10 -9 -8 -8 -8 -8 -7 -7 -7 -7 -6 -6 -6 -6 -5 -5 -4 -4 -4 -3 -3 -2 ------- Run | Yrd Mat Min Exi Min Mat Gar Mat Gar Fac Was Fac DSF Fac Gar Fac Gar Fac Gar Fac Ext Cet Res Gar Res Peak Influence 1190 | 10 465 59 . 99 170 842 445 480 381 207 144 359 572 1171 664 1190 661 783 616 482 812 486 893 544 Initial 624 | . 6 49 . . . 50 410 5 252 63 144 100 188 188 614 112 624 181 410 223 185 486 364 501 Average 415 | 4 200 57 . 87 46 364 197 277 313 143 144 211 338 739 505 676 390 490 476 274 501 486 685 414 Maximum Alert Level 4 | . 2 . . . . 3 2 2 1 1 . 1 2 4 2 4 2 3 2 2 3 2 3 2 Low Security (%) 24 | 100 56 100 . 100 100 33 59 38 1 87 100 56 23 4 20 11 7 2 . 16 6 . . . Level 1 25 | . 32 . . . . 9 9 34 98 12 . 43 28 10 . 15 62 34 20 68 39 . 5 48 Level 2 35 | . 11 . . . . 55 31 26 . . . . 48 25 79 20 29 43 79 15 42 100 43 51 Level 3 12 | . . . . . . 1 . . . . . . . 49 . 46 . 18 . . 11 . 51 . Level 4 1 | . . . . . . . . . . . . . . 9 . 6 . . . . . . . . Level 5 . | . . . . . . . . . . . . . . . . . . . . . . . . . High Security . | . . . . . . . . . . . . . . . . . . . . . . . . . Max Security . | . . . . . . . . . . . . . . . . . . . . . . . . . Squads Dispatched 33 | . 1 . . . 1 . 1 . . . . 1 6 . 3 . 4 . 7 2 2 . . 5 Investigation 10 | . . . . . . . . . . . . . 3 . 2 . . . 1 1 2 . . 1 Extermination 11 | . . . . . . . . . . . . . 1 . 1 . 3 . 2 . . . . 4 Reinforcement 8 | . 1 . . . . . 1 . . . . 1 1 . . . 1 . 2 1 . . . . Assault 3 | . . . . . . . . . . . . . 1 . . . . . 2 . . . . . Garrison 1 | . . . . . 1 . . . . . . . . . . . . . . . . . . . Intercept . | . . . . . . . . . . . . . . . . . . . . . . . . . Searches Triggered . | . . . . . . . . . . . . . . . . . . . . . . . . . Construction Impeded 2 | . . . . . . . . . . . . . . . . . . . 1 1 . . . . Haulers Reinforced . | . . . . . . . . . . . . . . . . . . . . . . . . . Active Scanning Responses . | . . . . . . . . . . . . . . . . . . . . . . . . . Cargo Convoy Interrupts 1 | . . . . . . . . . . . . . . . . . 1 . . . . . . . Alert ID Control Effect 8 | . . . . . . . . . . . . . . . . . . 1 . 4 . . 1 2 Stealth | -11 -10 -10 -10 -9 -8 -8 -8 -8 -7 -7 -7 -7 -6 -6 -6 -6 -5 -5 -4 -4 -4 -3 -3 -2 --------- Run | Yrd Mat Min Exi Min Mat Gar Mat Gar Fac Was Fac DSF Fac Gar Fac Gar Fac Gar Fac Ext Cet Res Gar Res Distress Signals 11 | . 1 . . . . . 1 . . 1 . . . . . . 2 . . 1 . . . 5 Communications Jammed . | . . . . . . . . . . . . . . . . . . . . . . . . . Distress Signals . | . . . . . . . . . . . . . . . . . . . . . . . . . Times Spotted 356 | . 16 6 . 3 6 11 5 19 1 4 . 7 26 38 11 42 14 14 12 29 17 . 40 35 Peak Tracking Total 11 | . 4 7 . 3 3 3 2 4 1 2 . 4 4 5 3 7 4 4 6 5 6 . 7 11 Tactical Retreats 12 | . 1 1 . . . . . 1 . . . . . . . 3 1 1 . 1 . . 2 1 Traps | -11 -10 -10 -10 -9 -8 -8 -8 -8 -7 -7 -7 -7 -6 -6 -6 -6 -5 -5 -4 -4 -4 -3 -3 -2 ------- Run | Yrd Mat Min Exi Min Mat Gar Mat Gar Fac Was Fac DSF Fac Gar Fac Gar Fac Gar Fac Ext Cet Res Gar Res Traps Triggered 20 | . . . . . . 3 1 . 2 . . . 1 4 . 5 . 3 . . . . 1 . Indirectly 1 | . . . . . . . . . . . . . 1 . . . . . . . . . . . Trap Hack Attempts 181 | . . . . . . . 1 . . . . . 51 34 1 . 31 16 11 6 . . 2 28 Triggered . | . . . . . . . . . . . . . . . . . . . . . . . . . Disarmed 5 | . . . . . . . . . . . . . . 1 . . 2 . . . . . . 2 Reprogrammed 23 | . . . . . 6 . 1 . . . . . 4 1 1 . . 3 4 1 . . 1 1 Reused 3 | . . . . . . . . . . . . . . . . . . 1 1 . . . . 1 Traps Extracted . | . . . . . . . . . . . . . . . . . . . . . . . . . Installed . | . . . . . . . . . . . . . . . . . . . . . . . . . Triggered 7 | . . 1 . . 1 . . . . . . . . . . . 2 1 1 . . . . 1 Machines | -11 -10 -10 -10 -9 -8 -8 -8 -8 -7 -7 -7 -7 -6 -6 -6 -6 -5 -5 -4 -4 -4 -3 -3 -2 ---------- Run | Yrd Mat Min Exi Min Mat Gar Mat Gar Fac Was Fac DSF Fac Gar Fac Gar Fac Gar Fac Ext Cet Res Gar Res Machines Disabled 67 | . 4 . . . 1 9 1 2 4 . . . 9 6 . 8 . 7 5 2 3 . 4 2 Max in Single Turn 6 | . 3 . . . 1 2 1 1 4 . . . 6 1 . 1 . 1 2 1 1 . 1 1 Garrison Access 2 | . . . . . . . . . . . . . 1 . 1 . . . . . . . . . Garrison Relay 16 | . . . . . . 1 . 1 . . . . . 4 . 4 . 4 . . . . 2 . Phase Generator 1 | . . . . . . 1 . . . . . . . . . . . . . . . . . . Machines Repaired . | . . . . . . . . . . . . . . . . . . . . . . . . . Machines Dismantled . | . . . . . . . . . . . . . . . . . . . . . . . . . Machines Sabotaged . | . . . . . . . . . . . . . . . . . . . . . . . . . Overloaded Fab Kills . | . . . . . . . . . . . . . . . . . . . . . . . . . Hacking | -11 -10 -10 -10 -9 -8 -8 -8 -8 -7 -7 -7 -7 -6 -6 -6 -6 -5 -5 -4 -4 -4 -3 -3 -2 --------- Run | Yrd Mat Min Exi Min Mat Gar Mat Gar Fac Was Fac DSF Fac Gar Fac Gar Fac Gar Fac Ext Cet Res Gar Res Machines Accessed 73 | . 3 . 1 . 8 . 7 3 1 . 1 . 8 4 9 1 6 . 3 12 2 1 1 2 Terminals 48 | . 3 . . . 6 . 3 3 . . 1 . 3 4 5 1 1 . 1 12 2 . 1 2 Fabricators 6 | . . . . . . . . . 1 . . . 1 . 2 . 1 . 1 . . . . . Repair Stations 7 | . . . . . 1 . 2 . . . . . 2 . . . 1 . 1 . . . . . Recycling Units 1 | . . . . . . . . . . . . . . . . . 1 . . . . . . . Scanalyzers 3 | . . . . . . . 1 . . . . . 1 . . . 1 . . . . . . . Garrison Access 7 | . . . . . 1 . 1 . . . . . 1 . 2 . 1 . . . . 1 . . Total Hacks 207 | . 13 . 1 . 27 . 19 6 2 . 2 . 18 9 31 2 13 . 9 39 9 1 4 2 Successful 109 | . 9 . 1 . 15 . 13 1 . . 1 . 10 2 19 1 8 . 6 19 2 1 . 1 Failed 98 | . 4 . . . 12 . 6 5 2 . 1 . 8 7 12 1 5 . 3 20 7 . 4 1 Catastrophic 15 | . 1 . . . 1 . 2 . . . . . 1 2 1 . 2 . 1 1 1 . 1 1 Database Lockouts . | . . . . . . . . . . . . . . . . . . . . . . . . . Manual 53 | . 8 . 1 . 11 . 9 . . . . . 4 . 12 . . . 2 5 1 . . . Terminals 159 | . 13 . . . 24 . 11 6 . . 2 . 7 9 25 2 4 . 2 39 9 . 4 2 Fabricators 15 | . . . . . . . . . 2 . . . 3 . 4 . 1 . 5 . . . . . Repair Stations 17 | . . . . . 2 . 5 . . . . . 5 . . . 3 . 2 . . . . . Recycling Units 1 | . . . . . . . . . . . . . . . . . 1 . . . . . . . Scanalyzers 7 | . . . . . . . 2 . . . . . 2 . . . 3 . . . . . . . Garrison Access 7 | . . . . . 1 . 1 . . . . . 1 . 2 . 1 . . . . 1 . . Terminal Hacks 54 | . 6 . 1 . 10 . 3 1 . . 1 . 2 2 8 1 1 . . 15 2 . . 1 Record 4 | . . . 1 . . . . . . . . . . . . . . . . 1 2 . . . Part Schematic 6 | . 2 . . . 3 . . . . . . . . . . . . . . 1 . . . . Robot Schematic 2 | . . . . . . . . . . . . . . . 2 . . . . . . . . . Prototype ID Bank 1 | . 1 . . . . . . . . . . . . . . . . . . . . . . . Open Door 7 | . . . . . . . . . . . . . . . . . . . . 7 . . . . Open DSF 2 | . . . . . . . . . . . 1 . . . . . . . . . . . . 1 Emergency Access Points 4 | . . . . . 1 . . 1 . . . . . 1 . 1 . . . . . . . . Terminal Index 1 | . . . . . . . . . . . . . . . . . . . . 1 . . . . Garrison Index 1 | . . . . . . . . . . . . . . . 1 . . . . . . . . . Alert Level 1 | . 1 . . . . . . . . . . . . . . . . . . . . . . . Unreport Threat 9 | . 1 . . . 1 . 1 . . . . . 2 . 2 . 1 . . 1 . . . . Locate Traps 7 | . 1 . . . 3 . 1 . . . . . . . . . . . . 2 . . . . Reprogram Traps 1 | . . . . . 1 . . . . . . . . . . . . . . . . . . . Security Status 1 | . . . . . . . . . . . . . . . . . . . . 1 . . . . Surveillance Status 1 | . . . . . . . . . . . . . . . 1 . . . . . . . . . Recall Reinforcements 1 | . . . . . . . 1 . . . . . . . . . . . . . . . . . Zone Layout 4 | . . . . . 1 . . . . . . . . . 2 . . . . 1 . . . . Garrison Registry 1 | . . . . . . . . . . . . . . 1 . . . . . . . . . . Fabricator Hacks 10 | . . . . . . . . . . . . . 2 . 4 . 1 . 3 . . . . . Network Status 2 | . . . . . . . . . . . . . . . . . 1 . 1 . . . . . Load Schematic 4 | . . . . . . . . . . . . . 1 . 2 . . . 1 . . . . . Build 4 | . . . . . . . . . . . . . 1 . 2 . . . 1 . . . . . Repair Station Hacks 10 | . . . . . 1 . 4 . . . . . 2 . . . 1 . 2 . . . . . Scan Component 7 | . . . . . 1 . 2 . . . . . 2 . . . 1 . 1 . . . . . Repair 3 | . . . . . . . 2 . . . . . . . . . . . 1 . . . . . Recycling Unit Hacks 1 | . . . . . . . . . . . . . . . . . 1 . . . . . . . Report Inventory 1 | . . . . . . . . . . . . . . . . . 1 . . . . . . . Scanalyzer 7 | . . . . . . . 2 . . . . . 2 . . . 3 . . . . . . . Insert Component 4 | . . . . . . . 1 . . . . . 1 . . . 2 . . . . . . . Analyze 3 | . . . . . . . 1 . . . . . 1 . . . 1 . . . . . . . Garrison Access Hacks 7 | . . . . . 1 . 1 . . . . . 1 . 2 . 1 . . . . 1 . . Unlock Access 6 | . . . . . 1 . 1 . . . . . 1 . 1 . 1 . . . . 1 . . Seal Access 1 | . . . . . . . . . . . . . . . 1 . . . . . . . . . Unauthorized Hacks 20 | . 3 . . . 3 . 3 . . . . . 1 . 5 . . . 1 4 . . . . Terminals 20 | . 3 . . . 3 . 3 . . . . . 1 . 5 . . . 1 4 . . . . Assimilate 3 | . . . . . . . . . . . . . . . 3 . . . . . . . . . Botnet 16 | . 3 . . . 3 . 3 . . . . . 1 . 2 . . . 1 3 . . . . Disrupt 1 | . . . . . . . . . . . . . . . . . . . . 1 . . . . Fabricators . | . . . . . . . . . . . . . . . . . . . . . . . . . Repair Stations . | . . . . . . . . . . . . . . . . . . . . . . . . . Recycling Units . | . . . . . . . . . . . . . . . . . . . . . . . . . Scanalyzers . | . . . . . . . . . . . . . . . . . . . . . . . . . Garrison Access . | . . . . . . . . . . . . . . . . . . . . . . . . . Data Cores Recovered . | . . . . . . . . . . . . . . . . . . . . . . . . . Used . | . . . . . . . . . . . . . . . . . . . . . . . . . Hacking Detections 59 | . 3 . . . 7 . 6 3 1 . 1 . 7 4 7 1 4 . 2 9 2 . 1 1 Full Trace Events 12 | . . . . . . . . 1 . . . . 3 2 2 . . . 1 1 2 . . . Feedback Events 1 | . . . . . . . . 1 . . . . . . . . . . . . . . . . Corruption 1 | . . . . . . . . 1 . . . . . . . . . . . . . . . . Feedback Blocked . | . . . . . . . . . . . . . . . . . . . . . . . . . Robot Schematics Acquired 2 | . . . . . . . . . . . . . . . 2 . . . . . . . . . Robots Built . | . . . . . . . . . . . . . . . . . . . . . . . . . Authchips . | . . . . . . . . . . . . . . . . . . . . . . . . . Time . | . . . . . . . . . . . . . . . . . . . . . . . . . Total Robot Build Rating . | . . . . . . . . . . . . . . . . . . . . . . . . . Part Schematics Acquired 9 | . 2 . . . 3 . 1 . . . . . 1 . . . 1 . . 1 . . . . Parts Built 6 | . . . . . . . . . . . . . 2 . 3 . . . 1 . . . . . Authchips . | . . . . . . . . . . . . . . . . . . . . . . . . . Time 198 | . . . . . . . . . . . . . 42 . 120 . . . 36 . . . . . Total Part Build Rating 22 | . . . . . . . . . . . . . 8 . 11 . . . 3 . . . . . Parts Repaired 3 | . . . . . . . 2 . . . . . . . . . . . 1 . . . . . Time 108 | . . . . . . . 64 . . . . . . . . . . . 44 . . . . . Parts Recycled . | . . . . . . . . . . . . . . . . . . . . . . . . . Recycled Matter . | . . . . . . . . . . . . . . . . . . . . . . . . . Retrieved Matter . | . . . . . . . . . . . . . . . . . . . . . . . . . Retrieved Components . | . . . . . . . . . . . . . . . . . . . . . . . . . Parts Scanalyzed 3 | . . . . . . . 1 . . . . . 1 . . . 1 . . . . . . . Part Schematics Acquired 3 | . . . . . . . 1 . . . . . 1 . . . 1 . . . . . . . Parts Damaged . | . . . . . . . . . . . . . . . . . . . . . . . . . Bothacking | -11 -10 -10 -10 -9 -8 -8 -8 -8 -7 -7 -7 -7 -6 -6 -6 -6 -5 -5 -4 -4 -4 -3 -3 -2 ------------ Run | Yrd Mat Min Exi Min Mat Gar Mat Gar Fac Was Fac DSF Fac Gar Fac Gar Fac Gar Fac Ext Cet Res Gar Res Used RIF Installer 6 | . . . . . . 1 . 1 . . . . . 1 . 1 . 1 . . . . 1 . Coupler Efficiency 1 | . . . . . . . . 1 . . . . . . . . . . . . . . . . Threat Obfuscator 1 | . . . . . . . . . . . . . . . . . . . . . . . 1 . Watcher Feeds 1 | . . . . . . . . . . . . . . 1 . . . . . . . . . . Patrol Navigation 1 | . . . . . . . . . . . . . . . . 1 . . . . . . . . Alert ID Control 1 | . . . . . . . . . . . . . . . . . . 1 . . . . . . Robots Hacked 83 | . . . . . . . 6 3 . . . . 8 9 2 13 7 4 6 5 . . 10 10 Non-combat 28 | . . . . . . . 5 . . . . . 6 . 1 . 5 . 2 1 . . . 8 Combat 55 | . . . . . . . 1 3 . . . . 2 9 1 13 2 4 4 4 . . 10 2 Robot Hacks Applied 92 | . . . . . . . 7 3 . . . . 9 10 3 14 9 4 6 6 . . 10 11 no_distress 9 | . . . . . . . 3 . . . . . 5 . . . . . . 1 . . . . find_chute 1 | . . . . . . . . . . . . . . . . . 1 . . . . . . . ignore_repairs 1 | . . . . . . . . . . . . . . . . . . . . . . . . 1 map_walls 4 | . . . . . . . . . . . . . . . . . . . 2 . . . . 2 map_earth 2 | . . . . . . . . . . . . . . . . . 1 . . . . . . 1 find_fabricator 3 | . . . . . . . . . . . . . 1 . 1 . 1 . . . . . . . find_dsf 1 | . . . . . . . . . . . . . . . . . 1 . . . . . . . drop_inventory 3 | . . . . . . . . . . . . . . . 1 . 1 . . . . . . 1 find_recycling 1 | . . . . . . . 1 . . . . . . . . . . . . . . . . . ignore_parts 4 | . . . . . . . 1 . . . . . . . . . . . . . . . . 3 find_station 2 | . . . . . . . . . . . . . 1 . . . 1 . . . . . . . check_alert 1 | . . . . . . . 1 . . . . . . . . . . . . . . . . . map_route 1 | . . . . . . . . . . . . . . . . . . . . . . . . 1 mark_security 1 | . . . . . . . . . . . . . . . . . 1 . . . . . . . find_garrison 1 | . . . . . . . . . . . . . 1 . . . . . . . . . . . disrupt_area 9 | . . . . . . . . . . . . . . 2 . 1 . . 2 2 . . 2 . spike_heat 1 | . . . . . . . . . . . . . . . . 1 . . . . . . . . overload_power 10 | . . . . . . . . . . . . . . 3 . 2 . . . 1 . . 4 . disable_weapons 6 | . . . . . . . . 1 . . . . 1 . . 2 1 . . 1 . . . . reboot_system 4 | . . . . . . . . . . . . . . 1 . 2 . . 1 . . . . . go_dormant 1 | . . . . . . . . . . . . . . 1 . . . . . . . . . . streamctrl_high 1 | . . . . . . . . . . . . . . . . . . . . . . . . 1 formatsys_high 25 | . . . . . . . 1 2 . . . . . 3 1 6 1 4 1 1 . . 4 1 Relay Couplers Released 64 | . . . . . . 3 . 4 . . . . 2 14 . 18 . 14 . . . . 9 . Machine Destruction 64 | . . . . . . 3 . 4 . . . . 2 14 . 18 . 14 . . . . 9 . Attached 28 | . . . . . . . 1 2 . . . . . 3 2 5 2 6 1 1 . . 2 3 Fabnet Peak Effective % . | . . . . . . . . . . . . . . . . . . . . . . . . . Robots Rewired 10 | . . . . . . . . . . . . . . . . . . . . 10 . . . . Allies Hacked 1 | . . . . . . . . . . . . . . . . . . . . . . . 1 . Hacks Repelled . | . . . . . . . . . . . . . . . . . . . . . . . . . Allies | -11 -10 -10 -10 -9 -8 -8 -8 -8 -7 -7 -7 -7 -6 -6 -6 -6 -5 -5 -4 -4 -4 -3 -3 -2 -------- Run | Yrd Mat Min Exi Min Mat Gar Mat Gar Fac Was Fac DSF Fac Gar Fac Gar Fac Gar Fac Ext Cet Res Gar Res Total Allies 78 | . . . . 3 . . 1 2 . 20 . . . 5 1 6 1 4 1 23 5 . 4 2 Largest Group 20 | . . . . 3 3 . 1 1 . 20 16 16 10 3 1 3 2 3 1 7 10 10 9 2 Highest-Rated Group 779 | . . . . 40 40 . 16 16 . 546 473 473 293 131 29 93 64 227 116 389 779 772 620 111 Highest-Rated Ally 159 | . . . . 16 16 . 16 16 . 35 35 35 31 62 29 40 32 137 116 159 159 152 96 64 Total Orders 19 | . . . . . . . 1 . . . . . 1 1 2 3 2 4 1 . . . 3 1 STAY 1 | . . . . . . . . . . . . . . . . . . . . . . . . 1 AID 1 | . . . . . . . 1 . . . . . . . . . . . . . . . . . EXPLORE 15 | . . . . . . . . . . . . . 1 1 1 3 2 3 1 . . . 3 . RETURN 2 | . . . . . . . . . . . . . . . 1 . . 1 . . . . . . Ally Attacks 647 | . . . . 14 33 . . 8 . 56 . 47 109 44 4 19 19 35 14 90 77 . 69 9 Total Damage 16728 | . . . . 115 340 . . 138 . 794 . 1171 1886 1460 58 492 456 926 624 3475 1948 . 2519 326 Kills 99 | . . . . 3 4 . . 3 . 4 . 8 12 12 1 3 2 6 2 17 10 . 10 2 Allies Corrupted 5 | . . . . . . . . . . 1 . . . . . . . . . 3 . . 1 . Allies Melted . | . . . . . . . . . . . . . . . . . . . . . . . . . Intel | -11 -10 -10 -10 -9 -8 -8 -8 -8 -7 -7 -7 -7 -6 -6 -6 -6 -5 -5 -4 -4 -4 -3 -3 -2 ------- Run | Yrd Mat Min Exi Min Mat Gar Mat Gar Fac Was Fac DSF Fac Gar Fac Gar Fac Gar Fac Ext Cet Res Gar Res Robot Analysis Total . | . . . . . . . . . . . . . . . . . . . . . . . . . Derelict Logs Recovered 2 | . . 1 . 1 . . . . . . . . . . . . . . . . . . . . Drone Launches 15 | . . . . . . . . . . . . . 1 1 1 3 2 3 1 . . . 3 . Drone Recoveries 7 | . . . . . . . . . . . . . . 1 1 1 1 1 . . . . 2 . Exploration | -11 -10 -10 -10 -9 -8 -8 -8 -8 -7 -7 -7 -7 -6 -6 -6 -6 -5 -5 -4 -4 -4 -3 -3 -2 ------------- Run | Yrd Mat Min Exi Min Mat Gar Mat Gar Fac Was Fac DSF Fac Gar Fac Gar Fac Gar Fac Ext Cet Res Gar Res Turns Passed 19562 | 96 505 284 360 400 602 1213 1274 848 405 205 236 173 1386 1137 1031 1712 1335 1086 845 847 361 92 1609 1520 Spaces Moved 10400 | 56 321 231 297 326 384 559 640 454 240 124 139 99 702 651 624 998 641 615 372 474 221 59 637 536 Core 7 | 7 . . . . . . . . . . . . . . . . . . . . . . . . Treads 1304 | 6 . . . . . . . 338 240 124 139 99 294 . . . 10 . . . . . 48 6 Legs 3506 | 43 321 231 297 326 384 559 640 116 . . . . . . . . . . . . . . 269 320 Wheels 5373 | . . . . . . . . . . . . . 408 651 624 998 631 615 372 474 221 59 320 . Hover 210 | . . . . . . . . . . . . . . . . . . . . . . . . 210 Flight . | . . . . . . . . . . . . . . . . . . . . . . . . . Fastest Speed 50 | 50 120 120 120 120 120 190 113 113 160 160 160 160 130 115 115 115 116 116 116 116 122 122 138 156 Average Speed 143 | 120 120 120 120 120 120 190 169 148 160 160 160 160 142 128 123 125 155 116 127 130 122 134 186 191 Slowest Speed 560 | 190 120 120 120 120 120 190 190 240 160 160 160 240 160 130 130 145 560 131 131 175 122 138 540 264 Overloaded Moves . | . . . . . . . . . . . . . . . . . . . . . . . . . Propulsion Burnouts . | . . . . . . . . . . . . . . . . . . . . . . . . . Robots Hopped . | . . . . . . . . . . . . . . . . . . . . . . . . . Cave-ins Triggered . | . . . . . . . . . . . . . . . . . . . . . . . . . Exploration Rate (%) 44 | 5 46 52 54 73 25 53 61 46 5 82 3 88 22 69 22 70 16 54 13 80 89 2 57 19 Regions Visited 24 Branch Regions 5 Pre-discovered Areas 3 | . . 1 1 1 . . . . . . . . . . . . . . . . . . . . Known Exits Taken 7 | . . . . . 1 . 1 . . . 1 . 1 . 1 . 1 . . . . 1 . . Unknown Exits Taken 8 | 1 1 1 1 1 . . . . . . . . . . . . . . 1 1 1 . . . Scrap Searched 2 | . . 1 . 1 . . . . . . . . . . . . . . . . . . . . Spaces Dug 57 | . . . . . 14 5 8 8 . . . . . . 1 11 1 . . . . . . 9 Terrain Destroyed 633 | . 64 . . 17 21 155 9 50 26 . . . 25 9 1 80 3 7 69 21 7 . 24 45 Melee 8 | . . . . . . . . . . . . . . . . . . . . . . . . 8 Projectile 125 | . . . . . 1 . 9 . . . . . 13 . 1 3 3 7 7 21 7 . 24 29 AOE 500 | . 64 . . 17 20 155 . 50 26 . . . 12 9 . 77 . . 62 . . . . 8 Terrain Rammed . | . . . . . . . . . . . . . . . . . . . . . . . . . Walls Destroyed . | . . . . . . . . . . . . . . . . . . . . . . . . . Machines Disabled . | . . . . . . . . . . . . . . . . . . . . . . . . . Actions | -11 -10 -10 -10 -9 -8 -8 -8 -8 -7 -7 -7 -7 -6 -6 -6 -6 -5 -5 -4 -4 -4 -3 -3 -2 --------- Run | Yrd Mat Min Exi Min Mat Gar Mat Gar Fac Was Fac DSF Fac Gar Fac Gar Fac Gar Fac Ext Cet Res Gar Res Total 13912 | 79 389 238 302 332 509 658 787 558 259 132 154 113 1008 858 848 1338 921 923 708 629 280 72 947 870 Wait 1716 | 1 20 7 . 2 88 19 74 23 . 3 7 11 162 43 160 147 162 176 266 35 21 2 163 124 Move 10379 | 55 320 230 296 325 384 558 639 453 240 123 138 98 702 650 623 997 640 614 371 473 220 58 636 536 Hop . | . . . . . . . . . . . . . . . . . . . . . . . . . Pick Up 158 | 8 8 1 . . 6 5 6 5 3 1 2 1 11 15 12 12 7 6 7 13 2 . 14 13 Fast Attach 95 | 6 . . 1 . 4 . 4 4 2 . . 1 5 1 2 6 8 5 1 8 6 6 10 15 Attach 119 | 3 . . . 2 2 3 2 6 2 . . . 3 9 5 9 10 8 7 7 . . 14 27 Detach 40 | . . . 2 . 2 . 2 . 1 . . . 2 1 2 1 4 4 2 2 1 . 4 10 Swap 206 | . 6 . . . 4 8 8 13 4 2 1 . 18 14 13 29 12 17 13 14 7 . 16 7 Drop 173 | 4 5 . 3 . 6 6 9 8 5 3 4 2 8 4 12 13 10 9 3 13 8 6 16 16 Fire 666 | 2 30 . . 3 13 43 28 43 2 . . . 33 57 15 90 37 43 27 45 15 . 62 78 Melee 74 | . . . . . . . 14 3 . . . . 13 6 3 1 . 1 . 13 . . 4 16 Ram . | . . . . . . . . . . . . . . . . . . . . . . . . . Kick 1 | . . . . . . . . . . . . . . . . . . . . . . . 1 . Crush 2 | . . . . . . . . . . . 2 . . . . . . . . . . . . . Escape Stasis 100 | . . . . . . 15 . . . . . . . 24 . 32 . 24 . . . . 5 . Rewire 2 | . . . . . . 1 . . . . . . . . . 1 . . . . . . . . Trap 181 | . . . . . . . 1 . . . . . 51 34 1 . 31 16 11 6 . . 2 28 Miscellaneous . | . . . . . . . . . . . . . . . . . . . . . . . . . Route ------- -11/Scrapyard -10/Materials (discovered 3 exits: [*Mat x2] / [*Min]) -10/Mines (discovered 2 exits: [*Mat] / *Exi) -10/Exiles -9/Mines -8/Materials -8/Garrison (discovered 2 exits: *Mat x2) -8/Materials (discovered 4 exits: *Fac x3 / Gar) -8/Garrison (discovered 2 exits: *Fac x2) -7/Factory -7/Waste -7/Factory -7/DSF -6/Factory (discovered 2 exits: *Fac / Gar) -6/Garrison (discovered 3 exits: *Fac x3) -6/Factory (discovered 3 exits: *Fac / [*Low] / Gar) -6/Garrison (discovered 3 exits: *Fac x3) -5/Factory -5/Garrison (discovered 3 exits: *Fac x3) -4/Factory -4/Extension (discovered 2 exits: *Res / *Cet) -4/Cetus (discovered 2 exits: *Res / [*Arc]) -3/Research -3/Garrison (discovered 2 exits: *Res x2) -2/Research History --------- Turn | Location | Event 8 | -11/Scrapyard | Discovered new exit (range 15) 97 | -11/Scrapyard | Entered Materials 197 | -10/Materials | Discovered new exit (range 16) 201 | -10/Materials | Discovered new exit (range 13) 248 | -10/Materials | Discovered new exit (range 15) 306 | -10/Materials | Build established: Mutant 602 | -10/Materials | Entered Mines 613 | -10/Mines | Met a Derelict bent on vengeance 644 | -10/Mines | Core integrity fell below 50% 706 | -10/Mines | Learned location of Storage (-9) 757 | -10/Mines | Deemed a non-threat by the Exiles lab entrance 757 | -10/Mines | Discovered new exit (range 5) 821 | -10/Mines | Learned Materials garrison access intel 821 | -10/Mines | Discovered new exit (range 8) 853 | -10/Mines | Assembled infested the area 886 | -10/Mines | Entered Exiles 918 | -10/Exiles | Met 8R-AWN 937 | -10/Exiles | Met EX-HEX 989 | -10/Exiles | Met EX-DEC 994 | -10/Exiles | Learned location of Zion (-7) 1013 | -10/Exiles | Met EX-BIN 1030 | -10/Exiles | Aligned with FarCom system 1031 | -10/Exiles | Given EX-Vault access code 1058 | -10/Exiles | Opened EX-Vault 1066 | -10/Exiles | Found Prototype Energy Cannon 1066 | -10/Exiles | Identified Gui. Plasma Cannon 1094 | -10/Exiles | Warned to stay clear of 0b10 Research branches 1230 | -10/Exiles | Discovered new exit (range 15) 1246 | -10/Exiles | Left Exiles lab with Gui. Plasma Cannon 1246 | -10/Exiles | Entered Mines 1250 | -9/Mines | Assisted by bots powering up and referring to "LRC-V3" 1337 | -9/Mines | Discovered new exit (range 10) 1553 | -9/Mines | Build established: Skirmisher 1646 | -9/Mines | Entered Materials 1646 | -8/Materials | Accompanied by 3 allies 1646 | -8/Materials | Evolved 4 slots: Propulsion x1, Utility x2, Weapon x1 1647 | -8/Materials | Loaded intel: 1 garrison access location 2161 | -8/Materials | Garrison activated, responded to threat 2248 | -8/Materials | Identified exit to Garrison 2248 | -8/Materials | Entered Garrison 2431 | -8/Garrison | Spotted B-75 Beast 2431 | -8/Garrison | Spotted B-75 Beast 2615 | -8/Garrison | Triggered checkpoint 2653 | -8/Garrison | Triggered checkpoint 2706 | -8/Garrison | Triggered checkpoint 2745 | -8/Garrison | Triggered checkpoint 2816 | -8/Garrison | Triggered checkpoint 3006 | -8/Garrison | Discovered new exit (range 9) 3081 | -8/Garrison | Phase Generator disabled 3128 | -8/Garrison | Installed Relay Interface Framework 3199 | -8/Garrison | Garrison Relay disabled 3299 | -8/Garrison | Discovered new exit (range 10) 3461 | -8/Garrison | Entered Materials 3658 | -8/Materials | Repaired Grenade Launcher 3770 | -8/Materials | Discovered new exit (range 9) 4007 | -8/Materials | Discovered new exit (range 10) 4185 | -8/Materials | Discovered new exit (range 15) 4306 | -8/Materials | Repaired Hvy. Armor Plating 4535 | -8/Materials | Build established: Mutant 4730 | -8/Materials | Identified exit to Garrison 4735 | -8/Materials | Entered Garrison 4735 | -8/Garrison | Accompanied by 1 ally 4835 | -8/Garrison | Triggered checkpoint 4882 | -8/Garrison | Spotted B-75 Beast 4903 | -8/Garrison | Triggered checkpoint 4942 | -8/Garrison | Garrison Relay disabled 5090 | -8/Garrison | Triggered checkpoint 5245 | -8/Garrison | Discovered new exit (range 10) 5357 | -8/Garrison | Triggered checkpoint 5397 | -8/Garrison | Triggered checkpoint 5423 | -8/Garrison | Build established: Scavenger-Mutant 5515 | -8/Garrison | Expanded RIF knowledge: Coupler Efficiency 5551 | -8/Garrison | Discovered new exit (range 11) 5583 | -8/Garrison | Entered Factory 5583 | -7/Factory | Evolved 2 slots: Utility x2 5988 | -7/Factory | Sucked down chute 5988 | -7/Factory | Entered Waste 5989 | -7/Waste | Joined by Warlord forces that had cleared the area 6121 | -7/Waste | Lost 5 allies 6165 | -7/Waste | Build established: Scavenger-Tank 6173 | -7/Waste | Discovered new exit (range 11) 6193 | -7/Waste | Entered Factory 6193 | -7/Factory | Accompanied by 16 allies 6421 | -7/Factory | Identified exit to DSF 6429 | -7/Factory | Entered DSF 6429 | -7/DSF | Accompanied by 16 allies 6462 | -7/DSF | Additional patrols routed to DSF 6508 | -7/DSF | Discovered new exit (range 15) 6520 | -7/DSF | Lost 3 allies 6581 | -7/DSF | Lost 3 allies 6602 | -7/DSF | Entered Factory 6602 | -6/Factory | Accompanied by 10 allies 6602 | -6/Factory | Evolved 2 slots: Propulsion x1, Utility x1 6721 | -6/Factory | Spotted B-75 Beast 6739 | -6/Factory | Allies destroyed B-75 Beast 7234 | -6/Factory | Lost 6 allies 7516 | -6/Factory | Discovered new exit (range 36) 7745 | -6/Factory | Fabricated Arm. Huge Wheel? 7988 | -6/Factory | Identified exit to Garrison 7988 | -6/Factory | Entered Garrison 8053 | -6/Garrison | Found embedded Infiltrators 8074 | -6/Garrison | Triggered checkpoint 8107 | -6/Garrison | Garrison Relay disabled 8200 | -6/Garrison | Triggered checkpoint 8202 | -6/Garrison | Triggered checkpoint 8240 | -6/Garrison | Triggered checkpoint 8367 | -6/Garrison | Discovered new exit (range 13) 8442 | -6/Garrison | Triggered checkpoint 8472 | -6/Garrison | Expanded RIF knowledge: Watcher Feeds 8493 | -6/Garrison | Build established: Bothacker-Tank 8494 | -6/Garrison | Garrison Relay disabled 8616 | -6/Garrison | Discovered new exit (range 12) 8677 | -6/Garrison | Triggered checkpoint 8740 | -6/Garrison | Garrison Relay disabled 8755 | -6/Garrison | Discovered new exit (range 51) 8755 | -6/Garrison | Discovered new exit (range 18) 8755 | -6/Garrison | Discovered new exit (range 64) 8912 | -6/Garrison | Triggered checkpoint 8964 | -6/Garrison | Garrison Relay disabled 8973 | -6/Garrison | Lost 4 parts (1p2u1w) 9125 | -6/Garrison | Entered Factory 9452 | -6/Factory | Discovered new exit (range 18) 9659 | -6/Factory | Discovered new exit (range 32) 9890 | -6/Factory | Fabricated Hacking Suite (x1) 10106 | -6/Factory | Fabricated Arm. Huge Wheel (x2) 10152 | -6/Factory | Identified exit to Garrison 10156 | -6/Factory | Entered Garrison 10169 | -6/Garrison | Expanded RIF knowledge: Patrol Navigation 10276 | -6/Garrison | Triggered checkpoint 10351 | -6/Garrison | Garrison Relay disabled 10399 | -6/Garrison | Build established: Bothacker-Skirmisher 10412 | -6/Garrison | Triggered checkpoint 10440 | -6/Garrison | Triggered checkpoint 10686 | -6/Garrison | Triggered checkpoint 10783 | -6/Garrison | Discovered new exit (range 10) 10870 | -6/Garrison | Triggered checkpoint 10899 | -6/Garrison | Garrison Relay disabled 10956 | -6/Garrison | Spotted B-75 Beast 11005 | -6/Garrison | Lost 4 parts (1n2u1w) 11220 | -6/Garrison | Discovered new exit (range 9) 11312 | -6/Garrison | Triggered checkpoint 11410 | -6/Garrison | Triggered checkpoint 11417 | -6/Garrison | Garrison Relay disabled 11480 | -6/Garrison | Discovered new exit (range 10) 11550 | -6/Garrison | Triggered checkpoint 11653 | -6/Garrison | Spotted Striker 11734 | -6/Garrison | Triggered checkpoint 11766 | -6/Garrison | Garrison Relay disabled 11868 | -6/Garrison | Entered Factory 11868 | -5/Factory | Accompanied by 2 allies 11868 | -5/Factory | Evolved 2 slots: Utility x1, Weapon x1 12763 | -5/Factory | Cargo convoy interrupted 13042 | -5/Factory | Build established: Bothacker-Tank 13201 | -5/Factory | Identified exit to Garrison 13203 | -5/Factory | Entered Garrison 13230 | -5/Garrison | Triggered checkpoint 13335 | -5/Garrison | Triggered checkpoint 13357 | -5/Garrison | Triggered checkpoint 13394 | -5/Garrison | Garrison Relay disabled 13512 | -5/Garrison | Expanded RIF knowledge: Alert ID Control 13545 | -5/Garrison | Heavy support dispatched to Factory 13549 | -5/Garrison | Triggered checkpoint 13641 | -5/Garrison | Triggered checkpoint 13658 | -5/Garrison | Garrison Relay disabled 13690 | -5/Garrison | Discovered new exit (range 14) 13829 | -5/Garrison | Triggered checkpoint 13922 | -5/Garrison | Discovered new exit (range 14) 14037 | -5/Garrison | Triggered checkpoint 14079 | -5/Garrison | Heavy support dispatched to Factory 14085 | -5/Garrison | Garrison Relay disabled 14206 | -5/Garrison | Discovered new exit (range 10) 14220 | -5/Garrison | Heavy support dispatched to Factory 14233 | -5/Garrison | Triggered checkpoint 14251 | -5/Garrison | Garrison Relay disabled 14289 | -5/Garrison | Entered Factory 14289 | -4/Factory | Accompanied by 1 ally 14289 | -4/Factory | Evolved 2 slots: Power x1, Utility x1 14422 | -4/Factory | Repaired Arm. Huge Wheel 14461 | -4/Factory | Spotted B-86 Titan 14462 | -4/Factory | Assimilated Titan 7a with formatsys_high 14524 | -4/Factory | Fabricated System Shield (x1) 14596 | -4/Factory | Build established: Bothacker-Skirmisher 15039 | -4/Factory | First assault squad dispatched 15070 | -4/Factory | Discovered new exit (range 12) 15134 | -4/Factory | Entered Extension 15172 | -4/Extension | Rescued a captive Derelict 15173 | -4/Extension | Rescued a captive Derelict 15199 | -4/Extension | Rescued a captive Derelict 15383 | -4/Extension | Rescued a captive Derelict 15383 | -4/Extension | Rescued a captive Derelict 15441 | -4/Extension | Rescued a captive Derelict 15442 | -4/Extension | Rescued a captive Derelict 15451 | -4/Extension | Rescued a captive Derelict 15476 | -4/Extension | System corruption reached 10% 15502 | -4/Extension | Lost 7 allies 15508 | -4/Extension | Spotted B-86 Titan 15513 | -4/Extension | Assimilated Titan 7b with formatsys_high 15516 | -4/Extension | Spotted B-86 Titan 15580 | -4/Extension | Destroyed B-86 Titan 15659 | -4/Extension | Disrupted transfer network 15700 | -4/Extension | Rescued a captive Derelict 15721 | -4/Extension | Rescued a captive Derelict 15722 | -4/Extension | Rescued a captive Derelict 15792 | -4/Extension | Rescued A7 15949 | -4/Extension | Discovered new exit (range 10) 15950 | -4/Extension | Discovered new exit (range 6) 15981 | -4/Extension | Entered Cetus 15981 | -4/Cetus | Accompanied by 7 allies (A7) 15986 | -4/Cetus | Acquired a Cetus Manufacturing Module code from A7 15999 | -4/Cetus | Spotted Cetus Guard 15999 | -4/Cetus | Spotted Cetus Guard 16003 | -4/Cetus | Spotted Cetus Guard 16003 | -4/Cetus | Spotted Cetus Guard 16006 | -4/Cetus | Allies destroyed Cetus Guard 16015 | -4/Cetus | Allies destroyed Cetus Guard 16022 | -4/Cetus | Allies destroyed Cetus Guard 16023 | -4/Cetus | Allies destroyed Cetus Guard 16076 | -4/Cetus | Discovered new exit (range 42) 16099 | -4/Cetus | Started Cetus Manufacturing Module 16124 | -4/Cetus | Manufactured an Enhanced Grunt 16149 | -4/Cetus | Manufactured an Enhanced Grunt 16154 | -4/Cetus | Door terminal overloaded 16174 | -4/Cetus | Manufactured an Enhanced Grunt 16177 | -4/Cetus | Escorted A7 to Cetus Mainframe 16199 | -4/Cetus | Manufactured an Enhanced Grunt 16224 | -4/Cetus | Manufactured an Enhanced Grunt 16283 | -4/Cetus | Discovered new exit (range 27) 16288 | -4/Cetus | Destroyed Cetus Guard 16295 | -4/Cetus | Spotted Cetus Guard 16295 | -4/Cetus | Spotted Cetus Guard 16299 | -4/Cetus | Spotted Cetus Guard 16302 | -4/Cetus | Allies destroyed Cetus Guard 16305 | -4/Cetus | Allies destroyed Cetus Guard 16309 | -4/Cetus | Allies destroyed Cetus Guard 16317 | -4/Cetus | Met Revision 17 16342 | -4/Cetus | Entered Research 16342 | -3/Research | Accompanied by 10 allies (A7) 16342 | -3/Research | Evolved 2 slots: Utility x2 16347 | -3/Research | Received a hacking code to weaken MAIN.C 16413 | -3/Research | Identified exit to Garrison 16434 | -3/Research | Entered Garrison 16434 | -3/Garrison | Accompanied by 9 allies 16520 | -3/Garrison | Triggered checkpoint 16569 | -3/Garrison | Expanded RIF knowledge: Threat Obfuscation 16597 | -3/Garrison | Garrison Relay disabled 16731 | -3/Garrison | Triggered checkpoint 16768 | -3/Garrison | Spotted B-86 Titan 16795 | -3/Garrison | Triggered checkpoint 16812 | -3/Garrison | Lost 7 allies 16834 | -3/Garrison | Destroyed B-86 Titan 16846 | -3/Garrison | Triggered checkpoint 16998 | -3/Garrison | Found Prototype Device 16998 | -3/Garrison | Identified Exp. Thermal Shield 17089 | -3/Garrison | Discovered new exit (range 21) 17116 | -3/Garrison | Triggered checkpoint 17292 | -3/Garrison | Build established: Scavenger-Skirmisher 17322 | -3/Garrison | System corruption reached 10% 17843 | -3/Garrison | Q-Series assembled to engage unique threat in Research 17936 | -3/Garrison | Triggered checkpoint 17961 | -3/Garrison | Garrison Relay disabled 17995 | -3/Garrison | Q-Series assembled to engage unique threat in Research 18016 | -3/Garrison | Discovered new exit (range 12) 18043 | -3/Garrison | Entered Research 18043 | -2/Research | Accompanied by 1 ally 18043 | -2/Research | Evolved 2 slots: Propulsion x1, Weapon x1 18257 | -2/Research | Build established: Botlord-Assassin 18644 | -2/Research | System corruption reached 10% 18688 | -2/Research | Lost 4 parts (1p1u2w) 18849 | -2/Research | Lost 3 parts (1n1u1w) 18918 | -2/Research | Lost 4 parts (1n2u1w) 19169 | -2/Research | Build established: Bothacker-Gunner 19522 | -2/Research | Core integrity fell below 50% 19527 | -2/Research | Core integrity fell below 20% 19563 | -2/Research | Destroyed by H-88 Terminator with KE Penetrator Last Messages --------------- 19548_ S-43 Plague knocked back. 19550_ Slug penetrates Wall. 19551_ R-10 Processor collects Lgt. Ion Engine. 19552_ Slug penetrates Wall. 19554_ S-43 Plague suffers critical hit (Smash). 19554_ S-43 Plague destroyed. 19555_ Slug penetrates Wall. 19557_ Destroyed Unknown Flight Unit. 19557_ S-43 Plague system corrupted by crushing effect. 19557_ S-43 Plague IFF system glitched. 19559_ Slug penetrates Wall. 19559_ M-36 Artificer repairs Lgt. Antimatter Reactor. 19559_ Slug penetrates Wall. 19562_ Wall collapses. 19562_ Slug penetrates Wall. 19563_ Enh. Nova Cannon destroyed. 19563_ Slug penetrates Wall. [Achievement: 30k Club] Map ----- +----------------------------------------------------+ | ?????????????????????????????????????????????????? | | ?????????????????????????????????????????????????? | | ?????????????????????????????????????????????????? | | ?????????????????????????????????????????????????? | | ?????????????????????????????????????????????????? | | ?????????????????????????????????????????????????? | | ?????????????????????????????????????????????????? | | ?????????????????????????????????????????????????? | | ?????????????????????????????????????????????????? | | ?????????????????????????????????????????????????? | | ?????????????????????????????????????????????????? | | ?????????????????????????????????????????????????? | | ?????????????????????????????????????????????????? | | ?????????????????????????????????????????????????? | | ?????????????????????????????????????????????????? | | ?????????????????????????????????????????????????? | | ???????????????????#????#####????????????????????? | | ???????????????????# ? #????????????????????? | | ???????????????????# #??????????????#?????? | | ?? ??????#???# #????????? [#?????? | | ?? ??? #???# """ #?#??????? #?????? | | ?? ??? #???# """ ! #?# ??????" #?????? | | #####+######## #???# """ #?# """"""" #?????? | | # # #???# #?# """"""" #?????? | | + # #???# ! [ #?# #?????? | | # # #???# %%@ #?# #?????? | | # # #########s##;#########+##########?? | | # # = !=!!%mhsh #### | | # / %= p%*!% hh #!! | | # # * %!%== % [#! | | # # **! = # | | # ####+####################+### %[# | | # # #???????## # [=%# | | # = # #????????# # !*#### | | # # #????????# # | ! | | ####+######### #????????# + | | ???# #???????# """ #????????# # | | ???# #???????# """ #????????# # | | ???# #???????# "?" #????????# * #"^ | | ???# #???????# #????????# #T | | ???# #???????#! #????????###########" | | ???# #???????##########????????????????### | | ####+#?????????????????????????????????# | | #?????????????????????????????????# | | #?????????????????????????????????### | | "" #???????????????????????????????????# ###+ | | "" #???????????????????????????????????# # | | "" #???????????????????????????????????# # | | %#???????????????????????????????????# # | | #???????????????????????????????????# # | +----------------------------------------------------+ Best States ------------- Heat Dissipation 80 Coolant Potential 80 Energy Generation 45 Energy Capacity 600 Matter Stores 300 Matter Capacity 300 Sight Range 20 Terrain Scan Range 20 Terrain Scan Density 110 Base Temperature (-) 200 Armor Coverage 750 Resistance: EX 50 Resistance: EM 25 Propulsion Shielding 33 Weapon Shielding 66 Phase Shifting 10 Evasion (%) 59 Targeting Accuracy 16 Recoil Reduction 4 Particle Charging 20 Offensive Hacking 20 Defensive Hacking 10 Relay Coupler Types 4 Relay Coupler Value 130 Item Schematics ----------------- Lrg. Storage Unit | -10/Materials | Hacked Hover Unit | -10/Materials | Hacked Hcp. Storage Unit | -8/Materials | Hacked Hacking Suite | -8/Materials | Hacked System Shield | -8/Materials | Hacked Huge Storage Unit | -8/Materials | Scanalyzed Arm. Huge Wheel | -6/Factory | Scanalyzed Recalibrator | -5/Factory | Scanalyzed Adv. Reaction Control System | -4/Extension | Hacked Robot Schematics ------------------ C-17 Slicer | -6/Factory | Hacked R-06 Scavenger | -6/Factory | Hacked Fabricated ------------ Arm. Huge Wheel | x2 | -6/Factory Hacking Suite | x1 | -6/Factory Arm. Huge Wheel | x2 | -6/Factory System Shield | x1 | -4/Factory Alien Tech Used ----------------- None Achievements -------------- 30k Club Beloved Main Advantage Project G-00 Pwned Revising The Future Challenges ------------ None Game ------ Seed AerolevBurstCanceller Manual? 0 Play Time 05:04:35 Cumulative 94.9 hours Start 2024.05.09 @ 19:16:30 End 2024.05.10 @ 17:01:57 Sessions 6 Manual Loads 0 Difficulty Rogue Special Mode None Game No. 72 Rogue 33 Adventurer 32 Explorer 7 Win Type - Total 0 Types 0/0/0/0/0/0/0/0/0 Lore% 27 Gallery% 59 Achievement% 45 Wizard Run 0 Options --------- Layout 1 ASCII 0 Keyboard 0 Movement Numpad Keybinds 0 Fullscreen 1 Font 16/SmallcapsGlow Map View 50x40 Zoom Use 0% Tactical HUD 1 Map Filters NONE Filters NONE Steam SD RUN: 4de273d8-2063-42fa-b31a-745b91b56688